 Dungeon Sprint DCSS version 0.21-a0-72-gbbb65ab (webtiles) character file.

46898 Kidiri the Spry (level 14, -4/178 HPs)
             Began as a Merfolk Transmuter on June 20, 2017.
             Was the Champion of Wu Jian.
             Slain by a sphinx (15 damage)
             ... in the Dungeon (Sprint VII: "The Pits").
             The game lasted 00:28:50 (4013 turns).

Kidiri the Spry (Merfolk Transmuter)                Turns: 4013, Time: 00:28:51

Health: -4/178     AC: 10    Str: 14    XL:     14   Next: 39%
Magic:  29/31      EV: 20    Int: 14    God:    Wu Jian [******]
Gold:   46         SH:  0    Dex: 16    Spells: 8/40 levels left

rFire    . . .     SeeInvis .     - Unarmed
rCold    . . .     Gourm    .   (shield currently unavailable)
rNeg     . . .     Faith    .   (armour currently unavailable)
rPois    +         Spirit   .   (helmet currently unavailable)
rElec    .         Reflect  .   (cloak currently unavailable)
rCorr    .         Harm     .   (gloves currently unavailable)
MR       +....     NoTele   +   (boots currently unavailable)
Stlth    ++........             F - amulet of regeneration
HPRegen  0.79/turn              D - +3 ring of protection
MPRegen  0.22/turn              u - +3 ring of protection

@: hydra-form, cannot translocate, corroded, glowing, heavenly storm
A: (change form in water), (swift swim), (stealthy swim), agile 1, robust 1
a: End Transformation, Serpent's Lash, Heavenly Storm, Renounce Religion


You were in the Dungeon.
You worshipped Wu Jian.
Wu Jian was exalted by your worship.
You were not hungry.
You were a five-headed hydra.
You visited 1 branch You collected 46 gold pieces.

Inventory:

Missiles
 a - 47 arrows
Armour
 b - a +4 scale mail (melded)
 c - a +3 plate armour
 f - a +2 cloak (melded)
 y - a +2 pair of boots (melded)
Jewellery
 q - an uncursed ring of magical power
 t - a +3 ring of dexterity
 u - a +3 ring of protection (right foreclaw)
 D - a +3 ring of protection (left foreclaw)
 E - an uncursed ring of protection from cold
 F - an amulet of regeneration (around neck)
 G - an uncursed ring of see invisible
 I - an uncursed ring of magical power
 M - an uncursed amulet of faith
Wands
 v - a wand of scattershot (4/9)
 w - a wand of digging (8/24)
 z - a wand of random effects (32/48)
 C - a wand of acid (6/15)
Scrolls
 j - 2 scrolls of blinking
 l - 7 scrolls of remove curse
 m - 5 scrolls of amnesia
 n - a scroll of summoning
 B - 2 scrolls of fear
Potions
 e - 9 potions of curing
 g - 3 potions of haste
 h - 4 potions of magic
 i - 5 potions of berserk rage
 k - 2 potions of invisibility
 x - a potion of resistance
 A - 2 potions of might
 H - a potion of mutation
Books
 J - Sif Muna's Disquisition on Virous Lightness
   (You found it in the Dungeon)

   Spells                             Type                      Level
   a - Static Discharge               Conjuration/Air              3
   b - Mephitic Cloud                 Conjuration/Poison/Air       3
   c - Summon Lightning Spire         Summoning/Air                4
   d - Venom Bolt                     Conjuration/Poison           5
   e - Alistair's Intoxication        Transmutation/Poison         5
 K - a book of the Sky

   Spells                             Type                      Level
   a - Summon Lightning Spire         Summoning/Air                4
   b - Silence                        Hexes/Air                    5
   c - Deflect Missiles               Charms/Air                   6
   d - Conjure Ball Lightning         Conjuration/Air              6
   e - Tornado                        Air                          9
 L - a Fen Folio

   Spells                             Type                      Level
   a - Corpse Rot                     Necromancy                   2
   b - Stone Arrow                    Conjuration/Earth            3
   c - Leda's Liquefaction            Hexes/Earth                  4
   d - Summon Forest                  Summoning/Translocation      5
   e - Hydra Form                     Transmutation                6
   f - Summon Hydra                   Summoning                    7
Comestibles
 d - 8 bread rations
 o - 36 fruits
 p - 9 meat rations
 s - 6 royal jellies


   Skills:
 * Level 16.0 Fighting
 + Level 8.6 Armour
 * Level 18.5 Dodging
 + Level 12.7 Stealth
 * Level 16.1 Unarmed Combat
 * Level 13.6 Spellcasting
 + Level 3.8 Charms
 * Level 18.5 Transmutations
 + Level 11.6 Ice Magic
 + Level 2.8 Air Magic
 + Level 11.5 Poison Magic


You had 8 spell levels left.
You knew the following spells:

 Your Spells              Type           Power        Failure   Level  Hunger
a - Beastly Appendage     Tmut           ######       0%          1    None
b - Spider Form           Tmut/Pois      ######....   1%          3    None
c - Ice Form              Ice/Tmut       ######..     1%          4    ##.....
d - Blade Hands           Tmut           ######....   1%          5    #####..
e - Hydra Form            Tmut           ######....   1%          6    ######.
f - Sticks to Snakes      Tmut           ######..     0%          2    None
g - Alistair's Intoxicat  Tmut/Pois      ######..     1%          5    #####..
h - Deflect Missiles      Chrm/Air       ###.......   95%         6    ######.


Dungeon Overview and Level Annotations

Branches:
Dungeon (1/1)

Altars:
Ashenzari
Cheibriados
Dithmenos
Elyvilon
Fedhas
Gozag
Hepliaklqana
Kikubaaqudgha
Makhleb
Nemelex Xobeh
Okawaru
Qazlal
Ru
Sif Muna
Trog
Uskayaw
Vehumet
Wu Jian
Xom
Yredelemnul
Zin
The Shining One
Beogh
Jiyva
Lugonu

Annotations:
D exclusions: 9 doors and 6 more exclusions, Margery


Innate Abilities, Weirdness & Mutations

((You revert to your normal form in water.))
((You are very nimble and swift while swimming.))
((You are very stealthy in the water. (Stealth+)))
You are agile. (Dex +2)
You are robust. (+10% HP)


Message History

* * * LOW HITPOINT WARNING * * *
The white draconian misses you.
The sphinx mumbles some strange words.
You are confused.
Unknown command.
You bite the hell knight!
The hell knight is heavily wounded.
You gouge the sphinx!! x2; You bite the hell knight!
The sphinx hits you!
* * * LOW HITPOINT WARNING * * *
The sphinx completely misses you. The sphinx hits you!
* * * LOW HITPOINT WARNING * * *
The hell knight misses you.
The white draconian hits you from afar with a glaive!
* * * LOW HITPOINT WARNING * * *
You feel better.
The sphinx completely misses you. x2; The sphinx misses you.
The hell knight hits you with an enchanted war axe!
* * * LOW HITPOINT WARNING * * *
The sphinx mumbles some strange words.
The sphinx is healed somewhat.
The sphinx hits you!
You die...

#..# #..#
#§.# #§.#
#''# # ##§§#
# ##§§§# #
##§§§## #
###++###DH§##
#
....e@dppH##
#


pH..op#§pH# # .#..p ##§§+ # ##. ...# # #. ....# # .. ...... # # ##...#. # ##.# #
You could see a white draconian, 3 sphinxes and 3 hell knights.

Vanquished Creatures
  A Hell Sentinel (D)
  3 liches (D)
  A draconian monk (D)
  A deep elf sorcerer (D)
  An emperor scorpion (D)
  2 deep elf demonologists (D)
  A deep elf annihilator (D)
  A white draconian (D)
  A black draconian (D)
  A hell beast (D)
  2 hydras (D)
  Harold (D)
  3 merfolk avatars (D)
  A death knight (D)
  A merfolk aquamancer (D)
  An ogre mage (D)
  2 death yaks (D)
  A vampire mage (D)
  A hell knight (D)
  2 deep elf knights (D)
  A shadow wraith (D)
  A sea snake (D)
  A spriggan druid (D)
  2 deep trolls (D)
  2 flayed ghosts (D)
  A phantasmal warrior (D)
  A lindwurm (D)
  A swamp dragon (D)
  A necromancer (D)
  5 deep elf magi (D)
  A cyclops (D)
  A manticore (D)
  An elephant (D)
  A rust devil (D)
  A black mamba (D)
  Maurice (D)
  A rime drake (D)
  A kobold demonologist (D)
  3 efreet (D)
  A red devil (D)
  2 ice devils (D)
  2 hellwings (D)
  2 guardian mummies (D)
  A jumping spider (D)
  5 blink frogs (D)
  A hornet (D)
  A wind drake (D)
  A hippogriff (D)
  3 bog bodies (D)
  2 spriggans (D)
  A wraith (D)
  2 ynoxinuls (D)
  A redback (D)
  2 water elementals (D)
  3 yaks (D)
  Grum (D)
  2 chaos spawn (D)
  2 fire bats (D)
  3 vampire mosquitoes (D)
  A neqoxec (D)
  An acid dragon (D)
  Duvessa (D)
  A floating eye (D)
  A swamp drake (D)
  A sky beast (D)
  An ogre (D)
  8 wolves (D)
  A centaur (D)
  Blork the orc (D)
  An earth elemental (D)
  Dowan (D)
  A scorpion (D)
  8 wights (D)
  A hound (D)
  An orc priest (D)
  A quasit (D)
  An iron imp (D)
  3 gnoll shamans (D)
  A hell rat (D)
  13 gnolls (D)
  A river rat (D)
  2 ufetubi (D)
  5 orcs (D)
  A ball python (D)
  2 bat zombies (D)
  A goblin (D)
  2 hobgoblins (D)
  2 jackals (D)
  2 quokkas (D)
  A bat (D)
  A giant cockroach simulacrum (D)
  2 rats (D)
164 creatures vanquished.

Vanquished Creatures (others)
  A draconian shifter (D)
1 creature vanquished.

Grand Total: 165 creatures vanquished

Notes
Turn   | Place    | Note
-------+----------+-------------------------------------------
     0 | D        | Kidiri the Merfolk Transmuter began the quest for the Orb.
     0 | D        | Reached XP level 1. HP: 15/15 MP: 3/3
    93 | D        | Found a bloodstained altar of Trog.
    93 | D        | Found a deep blue altar of Sif Muna.
    93 | D        | Found a viscous altar of Jiyva.
    93 | D        | Found a hazy altar of Hepliaklqana.
    93 | D        | Found an opulent altar of Gozag.
    94 | D        | Found a glowing golden altar of the Shining One.
    94 | D        | Found a glowing silver altar of Zin.
    94 | D        | Found a basalt altar of Yredelemnul.
    94 | D        | Found a shimmering altar of Xom.
    94 | D        | Found an ornate altar of the Wu Jian Council.
    94 | D        | Found a sacrificial altar of Ru.
    94 | D        | Found a stormy altar of Qazlal.
    94 | D        | Found an iron altar of Okawaru.
    94 | D        | Found a sparkling altar of Nemelex Xobeh.
    94 | D        | Found a burning altar of Makhleb.
    94 | D        | Found a blossoming altar of Fedhas.
    94 | D        | Found a white marble altar of Elyvilon.
    94 | D        | Found a shadowy altar of Dithmenos.
    94 | D        | Found a snail-covered altar of Cheibriados.
    96 | D        | Found a radiant altar of Vehumet.
    96 | D        | Found a corrupted altar of Lugonu.
    96 | D        | Found a roughly hewn altar of Beogh.
    97 | D        | Found a hide-covered altar of Uskayaw.
    97 | D        | Found an ancient bone altar of Kikubaaqudgha.
    97 | D        | Found a shattered altar of Ashenzari.
   103 | D        | Became a worshipper of the Wu Jian Council
   282 | D        | Noticed a floating eye
   286 | D        | Paralysed by a floating eye for 4 turns
   291 | D        | Killed a floating eye
   291 | D        | Reached skill level 1 in Armour
   291 | D        | Reached skill level 5 in Dodging
   291 | D        | Reached skill level 5 in Unarmed Combat
   291 | D        | Reached skill level 5 in Transmutations
   291 | D        | Reached XP level 2. HP: 25/25 MP: 2/6
   291 | D        | Reached XP level 3. HP: 30/30 MP: 2/8
   291 | D        | Reached XP level 4. HP: 37/37 MP: 2/9
   354 | D        | Learned a level 3 spell: Spider Form
   359 | D        | Learned a level 4 spell: Ice Form
   361 | D        | Reached * piety under Wu Jian
   362 | D        | Reached XP level 5. HP: 42/42 MP: 6/10
   401 | D        | Reached ** piety under Wu Jian
   407 | D        | Reached skill level 1 in Ice Magic
   407 | D        | Reached skill level 1 in Poison Magic
   601 | D        | Noticed a sky beast
   604 | D        | Noticed Blork the orc
   617 | D        | Killed Blork the orc
   617 | D        | Reached skill level 5 in Fighting
   617 | D        | Reached XP level 6. HP: 21/51 MP: 7/12
   618 | D        | Reached *** piety under Wu Jian
   625 | D        | Killed a sky beast
   625 | D        | Reached skill level 5 in Spellcasting
   634 | D        | Reached **** piety under Wu Jian
   652 | D        | Learned a level 5 spell: Blade Hands
   681 | D        | Reached XP level 7. HP: 58/58 MP: 6/15
   683 | D        | Noticed an efreet
   684 | D        | Killed an efreet
   684 | D        | Reached ***** piety under Wu Jian
   684 | D        | Reached skill level 5 in Stealth
   956 | D        | Learned a level 2 spell: Sticks to Snakes
   958 | D        | Noticed a deep elf mage
   959 | D        | Killed a deep elf mage
   959 | D        | Reached XP level 8. HP: 68/68 MP: 11/17
  1017 | D        | Gained mutation: You are agile. (Dex +2) [potion of mutation]
  1017 | D        | Gained mutation: You are robust. (+10% HP) [potion of mutation]
  1190 | D        | Noticed a phantasmal warrior
  1196 | D        | Reached skill level 10 in Dodging
  1199 | D        | Killed a phantasmal warrior
  1199 | D        | Reached skill level 10 in Transmutations
  1199 | D        | Reached skill level 5 in Ice Magic
  1199 | D        | Reached skill level 5 in Poison Magic
  1199 | D        | Reached XP level 9. HP: 50/82 MP: 14/19
  1216 | D        | Noticed an elephant
  1221 | D        | Killed an elephant
  1280 | D        | Noticed a red devil
  1281 | D        | Noticed a deep troll
  1464 | D        | Noticed a kobold demonologist
  1473 | D        | Killed a deep troll
  1473 | D        | Reached skill level 10 in Unarmed Combat
  1481 | D        | Noticed Harold
  1485 | D        | Noticed a sixfirhy
  1487 | D        | Reached XP level 10. HP: 71/92 MP: 17/22
  1489 | D        | Noticed a flayed ghost
  1489 | D        | Killed a flayed ghost
  1489 | D        | Killed a kobold demonologist
  1489 | D        | Reached skill level 10 in Fighting
  1494 | D        | Reached skill level 5 in Armour
  1496 | D        | Reached ****** piety under Wu Jian
  1500 | D        | Killed Harold
  1500 | D        | Noticed Grum
  1503 | D        | Noticed a merfolk avatar
  1508 | D        | Killed Grum
  1508 | D        | Reached XP level 11. HP: 49/101 MP: 16/24
  1511 | D        | Killed a merfolk avatar
  1571 | D        | Noticed Duvessa
  1612 | D        | Killed Duvessa
  1625 | D        | Noticed Dowan
  1633 | D        | Killed Dowan
  1634 | D        | Noticed a shadow wraith
  1637 | D        | Killed a shadow wraith
  1638 | D        | Noticed a death yak
  1638 | D        | Noticed Maurice
  1638 | D        | Noticed a deep elf knight
  1638 | D        | Noticed a deep elf mage
  1638 | D        | Noticed a deep elf knight
  1639 | D        | Killed a death yak
  1639 | D        | Reached skill level 10 in Spellcasting
  1640 | D        | Noticed a sea snake
  1640 | D        | Noticed a deep elf mage
  1644 | D        | Killed a deep elf knight
  1646 | D        | Killed a sea snake
  1646 | D        | Killed a deep elf knight
  1647 | D        | Killed a deep elf mage
  1648 | D        | Noticed a cyclops
  1648 | D        | Killed Maurice
  1649 | D        | Killed a deep elf mage
  1651 | D        | Reached XP level 12. HP: 18/113 MP: 22/26
  1665 | D        | HP: 5/113 [hellwing (6)]
  1680 | D        | Reached skill level 10 in Stealth
  2481 | D        | Noticed a merfolk avatar
  2484 | D        | Killed a merfolk avatar
  2484 | D        | Reached skill level 15 in Transmutations
  2489 | D        | Reached skill level 15 in Dodging
  2720 | D        | Noticed a Hell Sentinel
  2724 | D        | Killed a Hell Sentinel
  3051 | D        | Noticed a deep elf demonologist
  3052 | D        | Noticed a four-headed hydra
  3054 | D        | Noticed a spriggan rider
  3057 | D        | Killed a four-headed hydra
  3062 | D        | Noticed a deep elf sorcerer
  3073 | D        | Killed a spriggan rider
  3073 | D        | Reached skill level 10 in Ice Magic
  3073 | D        | Reached XP level 13. HP: 55/122 MP: 28/28
  3075 | D        | Noticed a Brimstone Fiend
  3078 | D        | Killed a deep elf sorcerer
  3083 | D        | Killed a deep elf demonologist
  3090 | D        | Reached skill level 10 in Poison Magic
  3118 | D        | Noticed a reaper
  3775 | D        | Noticed a black draconian
  3775 | D        | Noticed an emperor scorpion
  3781 | D        | Killed a black draconian
  3790 | D        | Killed an emperor scorpion
  3796 | D        | Reached skill level 15 in Unarmed Combat
  3835 | D        | Learned a level 6 spell: Hydra Form
  3839 | D        | Identified Sif Muna's Disquisition on Virous Lightness (You found it in the Dungeon)
  3839 | D        | Identified Sif Muna's Disquisition on Virous Lightness (You found it in the Dungeon)
  3911 | D        | Noticed a deep elf demonologist
  3912 | D        | Killed a deep elf demonologist
  3912 | D        | Reached skill level 15 in Fighting
  3914 | D        | Noticed a lich
  3923 | D        | Killed a lich
  3954 | D        | Learned a level 5 spell: Alistair's Intoxication
  3961 | D        | Learned a level 6 spell: Deflect Missiles
  3994 | D        | Noticed a lich
  3994 | D        | Noticed a yellow draconian monk
  3994 | D        | Noticed a white draconian
  3994 | D        | Noticed a deep elf sorcerer
  3994 | D        | Reached skill level 1 in Charms
  3995 | D        | Noticed a lich
  3996 | D        | Noticed a black draconian shifter
  3997 | D        | Noticed a sphinx
  3998 | D        | Noticed a deep elf annihilator
  3998 | D        | Noticed a white draconian
  4000 | D        | Killed a lich
  4000 | D        | Reached skill level 1 in Air Magic
  4000 | D        | Reached XP level 14. HP: 116/135 MP: 26/31
  4003 | D        | Killed a yellow draconian monk
  4005 | D        | Killed a lich
  4006 | D        | Killed a black draconian shifter
  4009 | D        | Killed a deep elf annihilator
  4009 | D        | Noticed a sphinx
  4011 | D        | Killed a white draconian
  4011 | D        | Noticed a sphinx
  4011 | D        | Noticed Margery
  4013 | D        | Slain by a sphinx

Vault maps used:
D:        pitsprint

Skill      XL: |  1  2  3  4  5  6  7  8  9 10 11 12 13 14 |
---------------+-------------------------------------------+-----
Dodging        | 5 7 8 9 10 11 12 14 16 17 18 | 18.5
Fighting       | 4 5 6 7 8 9 10 12 13 15 16 | 16.0
Armour         | 1 2 3 4 5 6 7 8 |  8.6
Stealth        | 2 3 4 5 6 7 8 9 11 12 | 12.7
Unarmed Combat | 5 6 7 8 9 10 11 12 14 15 16 | 16.1
Spellcasting   | 3 4 5 6 7 8 9 10 11 13 | 13.6
Transmutations | 5 6 7 9 10 11 12 14 16 17 18 | 18.5
Ice Magic      | 1 3 4 5 6 7 8 10 11 | 11.6
Poison Magic   | 1 3 4 5 6 7 8 9 11 | 11.5
Charms         | 1 3 |  3.8
Air Magic      | 1 2 |  2.8

Action                   |  1- 3 |  4- 6 |  7- 9 | 10-12 | 13-15 || total
-------------------------+-------+-------+-------+-------+-------++-------
Melee: Unarmed           |    11 |    41 |    58 |   168 |   139 ||   417
       Headbutt          |     2 |     1 |       |     1 |       ||     4
       Punch             |       |       |     2 |     6 |     6 ||    14
 Cast: Beastly Appendage |     2 |       |       |     1 |       ||     3
       Spider Form       |       |     3 |       |       |       ||     3
       Blade Hands       |       |     1 |     5 |     8 |     3 ||    17
       Ice Form          |       |     1 |       |     1 |       ||     2
       Hydra Form        |       |       |       |       |     2 ||     2
Invok: Serpent's Lash    |       |       |     3 |     5 |     3 ||    11
       Heavenly Storm    |       |       |     2 |     2 |     2 ||     6
  Use: Potion            |       |     2 |     1 |     7 |     8 ||    18
       Scroll            |       |       |       |     3 |       ||     3
 Stab: Sleeping          |       |     1 |     1 |     6 |     2 ||    10
  Eat: Chunk             |       |       |     4 |     5 |       ||     9
       Fruit             |       |       |       |     5 |       ||     5
       Royal jelly       |       |       |       |     1 |       ||     1
Armor: Skin              |       |     4 |       |     1 |    13 ||    18
       Ring mail         |       |       |     8 |    17 |     6 ||    31
       Scale mail        |       |       |       |       |    11 ||    11
Dodge: Dodged            |     1 |    31 |    24 |   138 |    90 ||   284
